 Dungeon Crawl Stone Soup version 0.16-a0-791-gf1c67de (webtiles) character file.

147677 JacquesDerrida the Martial Artist (level 16, -9/116 HPs)
             Began as a Demonspawn Transmuter on Sept 27, 2014.
             Was the Champion of Ru.
             Mangled by an ogre
             ... wielding a +0 giant club
             ... led by an ogre mage
              (10 damage)
             ... while paralysed by a red wasp
             ... on Level 1 of the Vaults on Sept 28, 2014.
             The game lasted 02:40:43 (20816 turns).

JacquesDerrida the Martial Artist (DsTm)           Turns: 20816, Time: 02:40:43

HP  -9/116       AC 16     Str 11 (12) XL: 16   Next: 62%
MP   0/26        EV  2     Int 15 (16) God: Ru [******]
Gold 1090        SH  0     Dex 16      Spells:  7 memorised,  8 levels left

rFire  + + .     SeeInvis .       - Unarmed
rCold  . . .     Clarity  .     x - +2 robe {MR+}
rNeg   . . .     rCorr    .     e - +1 buckler {AC+3}
rPois  .         rRot     .     Z - +2 hat
rElec  .         Spirit   +     w - +0 cloak
SustAb .         Warding  .     (no gloves)
rMut   .         Stasis   .     k - +0 pair of boots {run}
Gourm  +                        s - amulet of the gourmand
MR     +....                    A - ring of protection from fire
                                G - ring of wizardry

@: paralysed, lethally poisoned, slowed, drained, quick, somewhat resistant to
hostile enchantments, very unstealthy
A: claws 2, molten scales 2, clumsy 1, deterioration 1, fire resistance 1, frail
1, ignite blood, low mp 1, magic shield, magic regeneration, flame cloud
immunity, inability to use devices, hated by all, magic vulnerability 1
a: Draw Out Power, Power Leap, Apocalypse, Renounce Religion
}: 1/15 runes: serpentine


You were on level 1 of the Vaults.
You worshipped Ru.
Ru was exalted by your worship.
You were very full.

You visited 7 branches of the dungeon, and saw 35 of its levels.
You also visited: Ice Cave and Volcano.

You collected 3479 gold pieces.
You spent 2389 gold pieces at shops.

Inventory:

Missiles
 f - 6 javelins
 g - a throwing net
 t - 4 steel javelins (quivered)
Armour
 e - a +1 buckler of protection (worn)
 k - a +0 pair of boots of running (worn)
 w - a +0 cloak (worn)
 x - a +2 robe of magic resistance (worn)
 H - a +2 ice dragon armour
 X - a +1 pair of boots of flying
 Z - a +2 hat (worn)
Comestibles
 a - 14 bread rations
 b - 2 meat rations
 m - 2 slices of pizza
 F - 3 beef jerkies
Scrolls
 l - 7 scrolls of remove curse
 n - 2 scrolls of teleportation
 y - 2 scrolls of enchant armour
 J - a scroll of silence
 K - 2 scrolls of blinking
 Q - a scroll of immolation
 R - a scroll of fear
 V - 3 scrolls of identify
 W - a scroll of fog
Jewellery
 d - an uncursed ring of stealth
 s - an amulet of the gourmand (around neck)
 z - an uncursed ring of protection from cold
 A - a ring of protection from fire (right claw)
 G - a ring of wizardry (left claw)
 I - an uncursed ring of sustain abilities
 L - an uncursed ring of see invisible
 M - an uncursed ring of poison resistance
 N - an uncursed amulet of clarity
Potions
 c - 4 potions of haste
 h - 4 potions of brilliance
 i - a potion of resistance
 q - 2 potions of agility
 r - a potion of invisibility
 u - 2 potions of restore abilities
 E - 6 potions of berserk rage
 P - a potion of cancellation
 Y - 4 potions of heal wounds
Books
 o - a book of Wizardry

   Spells                             Type                      Level
   Agony                              Necromancy                   5
   Force Lance                        Conjuration                  5
   Dispersal                          Translocation                6
   *Haste                             Charms                       6
   Invisibility                       Hexes                        6
   Spellforged Servitor               Conjuration/Summoning        7
 C - a Grand Grimoire {highlevel, unknown}

   This book is beyond your current level of understanding.

   Spells                             Type                      Level
   Aura of Abjuration                 Summoning                    6
   Forceful Dismissal                 Summoning                    6
   Summon Greater Demon               Summoning                    7
   Malign Gateway                     Summoning/Translocation      7
   Summon Horrible Things             Summoning                    8


   Skills:
 - Level 12.4(11.8) Fighting
 + Level 12.7(12.1) Armour
 - Level 12.1(11.5) Dodging
 - Level 5.1(4.6) Shields
 - Level 14.2(13.5) Unarmed Combat
 - Level 6.8(6.3) Spellcasting
 - Level 8.1(7.6) Charms
 - Level 6.0(5.5) Necromancy
 - Level 1.7(1.3) Transmutations


You had 8 spell levels left.
You knew the following spells:

 Your Spells              Type           Power        Failure   Level  Hunger
a - Beastly Appendage     Trmt           #.....       4%          1    None
b - Cure Poison           Pois           #.........   9%          2    None
c - Haste                 Chrm           ####....     58%         6    #######
d - Blink                 Tloc           N/A          9%          2    None
m - Repel Missiles        Chrm/Air       ###...       2%          2    None
r - Regeneration          Chrm/Necr      ###.......   1%          3    ###....
D - Animate Dead          Necr           N/A          7%          4    ####...


Dungeon Overview and Level Annotations

Branches:
Dungeon (15/15)            Temple (1/1) D:4             Orc (4/4) D:11
    Elf (1/3) Orc:3          Lair (8/8) D:9           Snake (5/5) Lair:4
  Slime (0/6) Lair:6       Vaults (1/5) D:13
  Swamp: Lair:3-6    Shoals: Lair:3-6    Depths: D:15

Altars:
Ashenzari
Cheibriados
Dithmenos
Elyvilon
Fedhas
Gozag
Kikubaaqudgha
Makhleb
Nemelex Xobeh
Okawaru
Qazlal
Ru
Sif Muna
Trog
Vehumet
Xom
Yredelemnul
Zin
The Shining One
Beogh
Jiyva

Shops:
D:11 (   Orc:1 }   Orc:2 :   Orc:3 [   Orc:4 [!*}

Annotations:
Lair:1 exclusion: oklob plant
Lair:5 exclusion: ice statue


Innate Abilities, Weirdness & Mutations

You have very sharp fingernails.
You are mostly covered in molten scales (AC +3, EV -1).
You are clumsy. (Dex -2)
Your body is slowly deteriorating.
Your flesh is heat resistant.
You are frail (-10% HP).
Your demonic aura causes spilled blood to erupt in flames.
Your magical capacity is low (-10% MP).
When hurt, damage is shared between your health and your magic reserves.
You regenerate magic rapidly.
You are immune to clouds of flame.
You cannot study or use magical devices.
You are hated by all.
You are slightly vulnerable to magic.


Message History

You suddenly lose the ability to move!
You feel sick. The red wasp stings you!!
You are more poisoned.
You feel as though you will be slow longer.
You redirect the brown ugly thing's attack!
The brown ugly thing bites itself!
The ogre hits you with a giant club!!
* * * LOW HITPOINT WARNING * * *
The red wasp stings you!
* * * LOW HITPOINT WARNING * * *
You are more poisoned.
You feel as though you will be slow longer.
* * * LOW HITPOINT WARNING * * *
You feel very sick. The brown ugly thing bites you.
* * * LOW HITPOINT WARNING * * *
You are splashed with acid!
The acid burns!
* * * LOW HITPOINT WARNING * * *
The red wasp is stunned by your will and fails to attack.
The ogre hits you with a giant club!
You die...

. ########..#
#......#..#
#......#..# #
#......#..# #.
#......#..# ..
#####......#..#
#u#.#(.('......#..#
#...'u#y#......'..#
#.#.#O@.#......#..#
.O #####......#..#
#. ########..# #
#..# #..# #..# #..#
.


You could see 2 ugly things, a red wasp and an ogre.

Vanquished Creatures
  Asterion (Snake:2)
  A spectral weapon (Snake:2)
  A greater naga (Snake:5)
  A vault warden (Vaults:1)
  Gastronok (Lair:3)
  The ghost of Raxtorm the Basher, a powerful DDFi of Makhleb (Orc:4)
  Azrael (Snake:4)
  An ironheart preserver (Vaults:1)
  2 fire dragons
  Harold (Lair:3)
  6 naga warriors
  18 anacondas
  4 hydras
  An ogre mage (Vaults:1)
  A centaur warrior (D:13)
  11 death yaks
  3 naga sharpshooters
  The ghost of Ladykiller69 the Cleaver, an experienced FoFi of Cheibriados (D:10)
  4 shock serpents
  4 orc high priests
  Nergalle (Lair:1)
  2 fire crabs
  6 salamander mystics
  3 deep trolls (Vaults:1)
  An anaconda zombie (Snake:4)
  5 sea snakes (Snake:4)
  A deep elf knight (Elf:1)
  3 lindwurms
  3 hill giants
  3 naga ritualists
  An ironbrand convoker (Vaults:1)
  Pikel (D:5)
  12 mana vipers
  2 wizards (D:13)
  A deep elf conjurer (Elf:1)
  4 orc knights
  3 orc sorcerers (Orc:4)
  3 harpies (Vaults:1)
  13 salamanders
  A manticore (D:12)
  3 ugly things
  2 griffons (Lair:8)
  5 guardian serpents (Snake:5)
  5 elephants
  23 black mambas
  Joseph (D:7)
  3 cyclopes
  13 spiny frogs
  13 naga magi
  A torpor snail (Lair:7)
  8 yaktaurs (Vaults:1)
  4 sea snake zombies (Snake:4)
  4 komodo dragons
  8 fire drakes
  2 giant leeches (Lair:8)
  8 two-headed ogres
  7 trolls
  A polar bear (Lair:5)
  A hydra skeleton (D:12)
  3 wraiths
  A trapdoor spider (D:10)
  A water elemental (D:14)
  4 basilisks
  11 yaks
  2 deep elf magi
  A steam dragon (D:11)
  6 vampire mosquitoes
  A fire bat (Volcano)
  3 fire elementals
  A wyvern (D:11)
  A hog (Volcano)
  4 hippogriffs
  A deep elf fighter (Volcano)
  44 nagas
  Edmund (D:8)
  21 wolves
  A mottled dragon (D:11)
  8 porcupines
  A sky beast (D:4)
  An ogre skeleton (D:13)
  6 hell hounds (Snake:4)
  17 ice beasts
  20 water moccasins
  11 orc warriors
  A black bear (D:9)
  A necrophage (D:14)
  4 boggarts (D:14)
  A boring beetle (Lair:7)
  A phantom (D:6)
  7 centaurs
  13 ogres
  2 big kobolds (D:8)
  4 brain worms (Lair:8)
  19 crocodiles
  Blork the orc (D:9)
  10 giant frogs
  A gnoll sergeant (D:9)
  2 scorpions
  2 eyes of draining
  4 killer bees (D:11)
  A lava snake (Lair:3)
  5 wights
  4 electric eels
  A tengu skeleton (D:12)
  3 crimson imps
  3 goliath beetles
  The ghost of asdu the Grave Robber, a weakling VSNe (D:3)
  9 hounds
  4 jellies
  18 orc priests
  9 iguanas
  3 orange rats (Lair:8)
  25 orc wizards
  A killer bee zombie (D:8)
  10 worker ants
  25 sheep
  Ijyb (D:4)
  A hound zombie (D:5)
  5 gnolls (D:9)
  A steam dragon zombie (D:6)
  43 green rats
  15 adders
  A giant mite (D:2)
  12 white imps (Lair:6)
  17 worms
  A goliath beetle zombie (D:6)
  2 shadow imps
  An adder skeleton (D:9)
  2 giant geckos
  104 orcs
  A bat skeleton (D:8)
  16 goblins
  19 hobgoblins
  7 quokkas
  8 bats
  2 giant cockroaches (D:2)
  A giant newt (D:4)
  13 kobolds
  A kobold zombie (D:7)
  An orc zombie (D:6)
  8 rats
  16 fungi
  27 plants
937 creatures vanquished.

Vanquished Creatures (others)
  Aizul (Snake:4)
  A sea snake (Snake:4)
  An orc knight (Orc:4)
  A gargoyle (D:12)
  A komodo dragon (Lair:2)
  A hog (Volcano)
  A deep elf fighter (Volcano)
  A water moccasin (Snake:1)
  A naga (Snake:4)
  An orc warrior (Volcano)
  A sky beast (D:11)
  A centaur (Volcano)
  A brain worm (Lair:8)
  3 orcs
  A fungus (Lair:5)
  3 plants
20 creatures vanquished.

Grand Total: 957 creatures vanquished

Notes
Turn   | Place    | Note
--------------------------------------------------------------
     0 | D:1      | JacquesDerrida, the Demonspawn Transmuter, began the quest for the Orb.
     0 | D:1      | Reached XP level 1. HP: 15/15 MP: 3/3
     6 | D:1      | Noticed a polar bear
     6 | D:1      | Noticed an anaconda
     6 | D:1      | Noticed a lindwurm
     6 | D:1      | Noticed a five-headed hydra
   285 | D:1      | Reached skill level 3 in Unarmed Combat
   341 | D:1      | Gained mutation: You have sharp fingernails. [demonic ancestry]
   341 | D:1      | Reached XP level 2. HP: 9/21 MP: 2/4
   601 | D:2      | Gained mutation: When hurt, damage is shared between your health and your magic reserves. [demonic ancestry]
   601 | D:2      | Reached XP level 3. HP: 26/26 MP: 4/6
   772 | D:3      | Reached skill level 4 in Unarmed Combat
   794 | D:3      | HP: 1/26 [poisoned by an adder]
   919 | D:3      | Noticed asdu's ghost (weakling VSNe)
  1072 | D:3      | Found a glowing golden altar of the Shining One.
  1073 | D:3      | Found a radiant altar of Vehumet.
  1078 | D:3      | Found a shadowy altar of Dithmenos.
  1078 | D:3      | Found an ancient bone altar of Kikubaaqudgha.
  1079 | D:3      | Found a sparkling altar of Nemelex Xobeh.
  1083 | D:3      | Found an opulent altar of Gozag.
  1275 | D:3      | Gained mutation: You have very sharp fingernails. [demonic ancestry]
  1275 | D:3      | Reached XP level 4. HP: 25/32 MP: 7/7
  1434 | D:3      | Reached skill level 5 in Unarmed Combat
  1723 | D:3      | Killed asdu's ghost
  1723 | D:3      | Reached XP level 5. HP: 37/37 MP: 9/9
  1979 | D:4      | Noticed an ogre
  2000 | D:4      | Killed an ogre
  2000 | D:4      | Reached skill level 6 in Unarmed Combat
  2000 | D:4      | Gained mutation: You regenerate magic rapidly. [demonic ancestry]
  2000 | D:4      | Reached XP level 6. HP: 33/43 MP: 6/10
  2120 | D:4      | Noticed Ijyb
  2137 | D:4      | Killed Ijyb
  2223 | D:4      | Found a staircase to the Ecumenical Temple.
  2235 | Temple   | Entered the Ecumenical Temple
  2536 | D:5      | Entered Level 5 of the Dungeon
  2554 | D:5      | Reached skill level 7 in Unarmed Combat
  2829 | D:5      | Noticed Pikel
  2838 | D:5      | Killed Pikel
  2838 | D:5      | Reached skill level 8 in Unarmed Combat
  2838 | D:5      | Gained mutation: Your flesh is heat resistant. [demonic ancestry]
  2838 | D:5      | Reached XP level 7. HP: 48/48 MP: 9/12
  3161 | D:4      | Reached skill level 9 in Unarmed Combat
  3161 | D:4      | Reached XP level 8. HP: 51/54 MP: 13/13
  3447 | D:6      | Reached skill level 1 in Shields
  3986 | D:7      | Noticed Joseph
  4021 | D:7      | Killed Joseph
  4226 | D:7      | Gained mutation: You are partially covered in molten scales (AC +1). [demonic ancestry]
  4226 | D:7      | Reached XP level 9. HP: 46/64 MP: 14/14
  4307 | D:7      | Reached skill level 10 in Unarmed Combat
  4545 | D:8      | Found a sacrificial altar of Ru.
  4554 | D:8      | Became a worshipper of Ru the Awakened
  4884 | D:8      | Noticed Edmund
  4915 | D:8      | Killed Edmund
  5209 | D:9      | Noticed a death yak
  5210 | D:9      | Noticed an elephant
  5210 | D:9      | Found a staircase to the Lair.
  5233 | D:9      | Killed a death yak
  5233 | D:9      | Reached skill level 5 in Dodging
  5628 | D:9      | Reached XP level 10. HP: 47/77 MP: 11/16
  5895 | D:9      | Noticed Blork the orc
  5911 | D:9      | Killed Blork the orc
  5913 | D:9      | Gained mutation: You cannot study or use magical devices. [Ru sacrifice]
  5913 | D:9      | Acquired Ru's first power
  5913 | D:9      | Acquired Ru's second power
  6142 | D:10     | Entered Level 10 of the Dungeon
  6274 | D:10     | Noticed Ladykiller69's ghost (experienced FoFi)
  6653 | Lair:1   | Entered Level 1 of the Lair of Beasts
  6653 | Lair:1   | Noticed Nergalle
  6653 | Lair:1   | Noticed a five-headed hydra
  6710 | Lair:1   | Killed Nergalle
  7032 | Lair:2   | Noticed an elephant
  7042 | Lair:2   | Noticed an elephant
  7058 | Lair:2   | Killed an elephant
  7106 | Lair:2   | Noticed an elephant
  7149 | Lair:2   | Killed an elephant
  7151 | Lair:2   | Killed an elephant
  7151 | Lair:2   | Gained mutation: You are immune to clouds of flame. [demonic ancestry]
  7151 | Lair:2   | Reached XP level 11. HP: 35/89 MP: 12/17
  7241 | Lair:2   | Noticed a black mamba
  7398 | Lair:2   | Identified 2 scrolls of acquirement
  7412 | Lair:2   | Identified a +0 pair of boots of running (You acquired it on level 2 of the Lair of Beasts)
  7496 | Lair:2   | Gained mutation: You are hated by all. [Ru sacrifice]
  7496 | Lair:2   | Acquired Ru's third power
  7753 | Lair:2   | Killed a black mamba
  7877 | Lair:3   | Noticed Gastronok
  7929 | Lair:3   | Found a dark tunnel.
  7938 | Volcano  | Entered a volcano
  8184 | Lair:3   | Noticed Harold
  8206 | Lair:3   | Killed Harold
  8206 | Lair:3   | Reached skill level 11 in Unarmed Combat
  8710 | Lair:3   | Reached skill level 10 in Dodging
  8875 | Lair:4   | Gained mutation: Your body is slowly deteriorating. [Ru sacrifice]
  8951 | Lair:4   | Noticed a seven-headed hydra
  8952 | Lair:4   | Found a staircase to the Snake Pit.
  8977 | Lair:4   | Killed a seven-headed hydra
  9195 | Lair:4   | Noticed a fire crab
  9213 | Lair:4   | Killed a fire crab
  9390 | Lair:6   | Found a frozen archway.
  9519 | IceCv    | Entered an ice cave
  9520 | IceCv    | OK
  9767 | IceCv    | Noticed an ice statue
  9767 | IceCv    | Noticed an ice statue
  9778 | Lair:6   | Learned a level 3 spell: Regeneration
  9858 | Lair:5   | Gained mutation: Your demonic aura causes spilled blood to erupt in flames. [demonic ancestry]
  9858 | Lair:5   | Reached XP level 12. HP: 92/95 MP: 18/18
  9889 | Lair:5   | Reached skill level 1 in Charms
  9890 | Lair:5   | Noticed an ice statue
  9891 | Lair:5   | Noticed an ice dragon
  9918 | Lair:5   | Noticed a death yak
  9920 | Lair:5   | Noticed a death yak
  9921 | Lair:5   | Noticed a death yak
  9942 | Lair:6   | Killed a death yak
  9942 | Lair:6   | Reached skill level 12 in Unarmed Combat
  9942 | Lair:6   | Reached skill level 1 in Necromancy
  9979 | Lair:6   | Gained mutation: Your magical capacity is low (-10% MP). [Ru sacrifice]
  9979 | Lair:6   | Acquired Ru's fourth power
 10129 | Lair:6   | Found a staircase to the Slime Pits.
 10129 | Lair:6   | Found a viscous altar of Jiyva.
 10662 | Lair:7   | Reached skill level 5 in Necromancy
 10874 | Lair:7   | Gained mutation: You are frail (-10% HP). [Ru sacrifice]
 10874 | Lair:7   | Acquired Ru's fifth power
 11058 | Lair:8   | Entered Level 8 of the Lair of Beasts
 11114 | Lair:8   | Noticed a seven-headed hydra
 11122 | Lair:8   | Killed a seven-headed hydra
 11122 | Lair:8   | Reached XP level 13. HP: 74/90 MP: 10/21
 11131 | Lair:8   | Reached skill level 5 in Charms
 11143 | Lair:8   | Reached skill level 13 in Unarmed Combat
 11388 | Lair:8   | Noticed a six-headed hydra
 11392 | Lair:8   | Killed a six-headed hydra
 11874 | Lair:8   | Noticed a fire dragon
 11893 | Lair:8   | Killed a fire dragon
 12047 | Lair:8   | Gained mutation: You are slightly vulnerable to magic. [Ru sacrifice]
 12215 | Lair:5   | Reached skill level 10 in Fighting
 12426 | Lair:1   | Killed a five-headed hydra
 12471 | Lair:1   | Noticed an oklob plant
 12661 | Lair:1   | Learned a level 4 spell: Animate Dead
 12762 | D:11     | Found Schejehea's Antique Weapon Boutique.
 12822 | D:11     | Learned a level 2 spell: Cure Poison
 12877 | D:11     | Noticed a red ugly thing
 12889 | D:11     | Killed a red ugly thing
 12996 | D:11     | Noticed a cyan ugly thing
 13000 | D:11     | Killed a cyan ugly thing
 13486 | D:12     | Got a faintly glowing dagger
 13487 | D:12     | Identified the +5 dagger of Inquiry {flame, rF+} (You found it on level 12 of the Dungeon)
 13603 | D:13     | Gained mutation: You are mostly covered in molten scales (AC +3, EV -1). [demonic ancestry]
 13603 | D:13     | Reached XP level 14. HP: 76/99 MP: 17/21
 13788 | D:13     | Found a gate to the Vaults.
 13791 | D:13     | Reached skill level 14 in Unarmed Combat
 13794 | D:13     | Paralysed by a wizard for 3 turns
 13945 | D:15     | Entered Level 15 of the Dungeon
 14035 | D:14     | Got an ichor-stained leather armour
 14047 | D:14     | Identified the +1 leather armour "Wuaddy" {+Blink rC+} (You found it on level 14 of the Dungeon)
 14558 | D:10     | Killed Ladykiller69's ghost
 14659 | D:10     | Noticed a hill giant
 14672 | D:10     | Killed a hill giant
 14808 | D:10     | Noticed a hill giant
 14820 | D:10     | Killed a hill giant
 15338 | D:11     | Found a staircase to the Orcish Mines.
 15347 | Orc:1    | Entered Level 1 of the Orcish Mines
 15347 | Orc:1    | Found a roughly hewn altar of Beogh.
 15431 | Orc:1    | Found Kuism's Gadget Boutique.
 15432 | Orc:1    | NO
 15661 | Orc:3    | Found Leir's Armour Shoppe.
 15683 | Orc:3    | Gained mutation: You are clumsy. (Dex -2) [Ru sacrifice]
 15803 | Orc:3    | Found a roughly hewn altar of Beogh.
 15839 | Orc:3    | Found a staircase to the Elven Halls.
 16024 | Orc:4    | Entered Level 4 of the Orcish Mines
 16031 | Orc:4    | Noticed Raxtorm's ghost (powerful DDFi)
 16141 | Orc:4    | Found a bloodstained altar of Trog.
 16321 | Orc:4    | Reached skill level 5 in Spellcasting
 16450 | Orc:4    | Found Fofomag's Gadget Shop.
 16451 | Orc:4    | Found Xuxosov's Armour Emporium.
 16452 | Orc:4    | Found Iwawo's Assorted Antiques.
 16453 | Orc:4    | Found Erikuniy's Distillery.
 16461 | Orc:4    | Bought a potion of haste for 98 gold pieces
 16461 | Orc:4    | Bought a potion of berserk rage for 42 gold pieces
 16461 | Orc:4    | Bought a potion of resistance for 98 gold pieces
 16463 | Orc:4    | Bought a faintly glowing scale mail for 315 gold pieces
 16463 | Orc:4    | Bought a jade ring for 175 gold pieces
 16463 | Orc:4    | Bought a pair of embroidered boots for 157 gold pieces
 16474 | Orc:4    | Identified the +5 scale mail of Circular Logic {Dex-3 Int+3} (You bought it in a shop on level 4 of the Orcish Mines)
 16530 | Orc:4    | Bought a +2 ice dragon armour for 1224 gold pieces
 16584 | Orc:4    | Killed Raxtorm's ghost
 16806 | Elf:1    | Entered Level 1 of the Elven Halls
 16816 | Elf:1    | Reached skill level 1 in Armour
 16866 | Orc:2    | Found Ynuurph's Book Shop.
 16893 | Orc:2    | Bought a book of Minor Magic for 280 gold pieces
 16897 | Orc:2    | Learned a level 2 spell: Repel Missiles
 16900 | Orc:2    | Learned a level 2 spell: Blink
 17176 | Lair:3   | Killed Gastronok
 17240 | Snake:1  | Entered Level 1 of the Snake Pit
 17762 | Snake:2  | Reached skill level 5 in Shields
 17813 | Snake:2  | Noticed Asterion
 17823 | Snake:2  | Reached XP level 15. HP: 95/107 MP: 14/25
 17939 | Snake:2  | Noticed a spectral weapon
 17952 | Snake:2  | Killed a spectral weapon
 17960 | Snake:2  | Killed Asterion
 18422 | Snake:3  | You fall through a shaft!
 18422 | Snake:4  | Noticed Aizul
 18433 | Snake:4  | Killed Aizul
 18524 | Snake:4  | Reached skill level 5 in Armour
 18807 | Snake:4  | ;^(
 18940 | Snake:4  | Noticed Azrael
 18981 | Snake:4  | Killed Azrael
 19204 | Snake:4  | Found an iron altar of Okawaru.
 19344 | Snake:5  | Entered Level 5 of the Snake Pit
 19669 | Snake:5  | Learned a level 6 spell: Haste
 19828 | Snake:5  | Reached XP level 16. HP: 114/116 MP: 21/26
 19882 | Snake:5  | Reached skill level 10 in Armour
 19900 | Snake:5  | Got a serpentine rune of Zot
 20384 | Vaults:1 | Entered Level 1 of the Vaults
 20814 | Vaults:1 | Paralysed by a red wasp for 4 turns
 20816 | Vaults:1 | HP: 3/116 [brown ugly thing (4)]
 20816 | Vaults:1 | HP: 1/116 [acid (2)]
 20816 | Vaults:1 | Mangled by an ogre

Action                   |  1- 3 |  4- 6 |  7- 9 | 10-12 | 13-15 | 16-18 || total
-------------------------+-------+-------+-------+-------+-------+-------++-------
Melee: Unarmed           |   114 |   136 |   259 |   914 |  1399 |   192 ||  3014
 Fire: Blowgun           |       |       |    22 |    10 |     2 |       ||    34
Throw: Throwing net      |     2 |     1 |       |     2 |       |       ||     5
       Javelin           |       |       |       |     5 |    26 |       ||    31
 Cast: Beastly Appendage |     7 |     2 |       |       |       |       ||     9
       Regeneration      |       |       |       |    23 |   113 |    19 ||   155
       Repel Missiles    |       |       |       |       |     3 |       ||     3
       Cure Poison       |       |       |       |       |     6 |     2 ||     8
       Animate Dead      |       |       |       |       |     1 |       ||     1
Invok: Sacrifice Artific |       |       |       |     1 |       |       ||     1
       Draw Out Power    |       |       |       |    11 |     9 |       ||    20
       Sacrifice Purity  |       |       |       |     1 |     1 |       ||     2
       Sacrifice Love    |       |       |       |     1 |       |       ||     1
       Power Leap        |       |       |       |     4 |     5 |       ||     9
       Apocalypse        |       |       |       |     1 |     9 |     2 ||    12
       Sacrifice Essence |       |       |       |     1 |     1 |       ||     2
       Sacrifice Health  |       |       |       |     1 |       |       ||     1
       Reject Sacrifices |       |       |       |       |     1 |       ||     1
Evoke: Wand              |       |     3 |     5 |       |       |       ||     8
  Use: Potion            |     2 |     4 |     7 |     6 |     3 |       ||    22
       Scroll            |       |       |     9 |    18 |    11 |     2 ||    40
 Stab: Held in net/web   |     3 |       |       |       |       |       ||     3
       Sleeping          |     1 |       |     1 |     1 |     1 |       ||     4
       Distracted        |       |       |       |     1 |     4 |       ||     5
       Invisible         |       |       |       |     3 |    24 |     5 ||    32
       Paralysed         |       |       |       |       |    14 |     9 ||    23
  Eat: Chunk             |     1 |     3 |    16 |    21 |    42 |     6 ||    89
       Bread ration      |       |     1 |       |       |       |       ||     1
       Beef jerky        |       |       |       |     1 |       |       ||     1
       Fruit             |       |       |       |       |     1 |       ||     1
